 Dungeon Crawl Stone Soup version 0.30-b1-2-g02819fbbbe (webtiles) character file.

Game seed: 3759037867263837528

1566 manyhoops the Digger (level 8, -4/58 HPs)
             Began as a Demigod Earth Elementalist on Nov 24, 2023.
             Slain by a basilisk (11 damage)
             ... on level 6 of the Dungeon.
             The game lasted 00:07:55 (4954 turns).

manyhoops the Digger (Demigod Earth Elementalist)   Turns: 4954, Time: 00:07:56

Health: -4/58      AC:  3    Str:  9    XL:     8   Next: 33%
Magic:  14/21      EV: 12    Int: 25    God:
Gold:   310        SH:  0    Dex: 14    Spells: 10/19 levels left

rFire   . . .        e - +1 dagger (venom)
rCold   . . .        (no shield)
rNeg    . . .        a - +0 robe
rPois   .            (no helmet)
rElec   .            (no cloak)
rCorr   .            n - +0 pair of gloves
SInv    +            (no boots)
Will    .....        (no amulet)
Stlth   ++           l - ring of see invisible
HPRegen 0.29/turn    (no ring)
MPRegen 0.17/turn

%: no passive effects
@: no status effects
A: high MP 1, forlorn, divine attributes
a: no special abilities


You were on level 6 of the Dungeon.
You visited 1 branch of the dungeon, and saw 6 of its levels.

You collected 310 gold pieces.

Inventory:

Hand Weapons
 c - a +0 dagger
 e - a +1 dagger of venom (weapon)
Armour
 a - a +0 robe (worn)
 n - a +0 pair of gloves (worn)
 r - a +0 buckler
Jewellery
 l - a ring of see invisible (left hand)
Wands
 j - a wand of digging (3)
 o - a wand of mindburst (14)
Scrolls
 g - 2 scrolls of poison
 h - 2 scrolls of amnesia
 i - a scroll of noise
 m - a scroll of fog {unknown}
 q - a scroll of enchant weapon {unknown}
Potions
 b - a potion of magic
 d - a potion of lignification {unknown}
 k - 4 potions of curing
 p - a potion of attraction {unknown}
 s - a potion of berserk rage {unknown}
 t - a potion of heal wounds {unknown}
 u - 2 potions of brilliance {unknown}


   Skills:
 + Level 0.7 Fighting
 + Level 2.1 Dodging
 * Level 3.0 Stealth
 - Level 6.4 Spellcasting
 - Level 0.8 Transmutations
 - Level 7.1 Earth Magic


You had 10 spell levels left.
You knew the following spells:

 Your Spells              Type           Power      Damage    Failure   Level
a - Sandblast             Erth           86%        2d18      1%          1
b - Passwall              Tmut/Erth      23%        N/A       1%          2
c - Stone Arrow           Conj/Erth      52%        3d10      4%          3
d - Ozocubu's Armour      Ice            8%         N/A       22%         3

Your spell library contained the following spells:

 Spells                   Type           Power      Damage    Failure   Level
 Beastly Appendage        Tmut           24%        N/A       4%          1
 Sting                    Tmut/Pois      40%        1d5       6%          1
 Wereblood                Tmut           12%        N/A       8%          2
 Poisonous Vapours        Pois/Air       16%        N/A       11%         2
 Petrify                  Tmut/Erth      28%        N/A       14%         4
 Spider Form              Tmut/Pois      10%        N/A       19%         3
 Olgreb's Toxic Radiance  Pois           8%         N/A       56%         4
 Ozocubu's Refrigeration  Ice            4%         4d8       100%        7


Dungeon Overview and Level Annotations

Branches:
Dungeon (6/15)
 Temple: D:4-7

Annotations:
D:3 3 runed translucent doors, kosdos2's ghost, amateur HOFi


Innate Abilities, Weirdness & Mutations

You have an increased reservoir of magic. (+10% MP)
You shall have no god before yourself.
Your divine heritage dramatically boosts your attributes as you level up.


Message History

Aim: an orc, wielding a +0 morningstar, wearing a +4 ring of protection and quivering javelins (85% to hit)
The blast of sand hits the orc!
You kill the orc!
Unknown command.
Casting: Sandblast (safe; 1% risk of failure)
Confirm with . or Enter, or press ? or * to list all spells.
Aiming: Sandblast (safe; 1% risk of failure)
Press: ? - help, Shift-Dir - straight line, f - basilisk
Aim: a basilisk (81% to hit)
The blast of sand misses the basilisk.
The basilisk barely misses you.
Unknown command.
Casting: Sandblast (safe; 1% risk of failure)
Confirm with . or Enter, or press ? or * to list all spells.
Aiming: Sandblast (safe; 1% risk of failure)
Press: ? - help, Shift-Dir - straight line, f/p - basilisk
Aim: a basilisk (81% to hit)
The blast of sand hits the basilisk!
The basilisk is moderately wounded.
The basilisk barely misses you. The basilisk bites you!
Unknown command.
Casting: Sandblast (safe; 1% risk of failure)
Confirm with . or Enter, or press ? or * to list all spells.
Aiming: Sandblast (safe; 1% risk of failure)
Press: ? - help, Shift-Dir - straight line, f/p - basilisk
Aim: a basilisk (moderately wounded, 81% to hit)
The blast of sand misses the basilisk.
The basilisk barely misses you.
Unknown command.
Casting: Sandblast (safe; 1% risk of failure)
Confirm with . or Enter, or press ? or * to list all spells.
Aiming: Sandblast (safe; 1% risk of failure)
Press: ? - help, Shift-Dir - straight line, f/p - basilisk
Aim: a basilisk (moderately wounded, 81% to hit)
The blast of sand hits the basilisk!
The basilisk is heavily wounded.
The basilisk bites you!! The basilisk bites you!
* * * LOW HITPOINT WARNING * * *
Unknown command.
Okay, then.
You feel better. The basilisk bites you!
You die...

#..............##
#..
.......†...).<##
#..
###.....##...#
#.. ##...###..##
##) ##..# #..# #†
... ##..## ##.#
#. ...# ##..##
#.# #. ....#
#..## ##.# ##
....# ##@# #..##
### ###...###l#
##...#####..
.......##)#
##...........
#........#
#............
#.###...##
#.......####.
#....o...##
#.###..## #.
....l#......# #.#
#### #. .###
#.###..###.# #.
#........#.# #.


You could see a basilisk.

Vanquished Creatures
  A sky beast (D:4)
  A black bear (D:4)
  3 ogres
  3 phantoms
  A bullfrog (D:6)
  5 scorpions
  An orc priest (D:5)
  2 hounds
  3 jellies
  5 sleepcaps
  2 iguanas
  Natasha (D:2)
  An orc wizard (D:5)
  7 adders
  An ufetubus (D:4)
  A worm (D:2)
  A dart slug (D:5)
  11 orcs
  5 endoplasms
  A giant cockroach (D:4)
  2 hobgoblins
  3 jackals (D:2)
  4 quokkas
  5 ball pythons
  4 bats
  2 frilled lizards
  3 goblins
  11 kobolds
  6 rats
96 creatures vanquished.

Vanquished Creatures (others)
  4 plants (D:3)
4 creatures vanquished.

Grand Total: 100 creatures vanquished

Notes
Turn   | Place    | Note
-------+----------+-------------------------------------------
     0 | D:1      | manyhoops the Demigod Earth Elementalist began the quest
                  | for the Orb.
     0 | D:1      | Reached XP level 1. HP: 14/14 MP: 5/5
   517 | D:1      | Reached skill level 3 in Earth Magic
   744 | D:1      | Reached XP level 2. HP: 17/20 MP: 5/7
  1211 | D:2      | Noticed Natasha
  1216 | D:2      | Killed Natasha
  1217 | D:2      | Reached XP level 3. HP: 25/26 MP: 3/9
  2131 | D:3      | Reached XP level 4. HP: 30/33 MP: 3/11
  2282 | D:3      | Learned a level 2 spell: Passwall
  2286 | D:3      | Learned a level 3 spell: Stone Arrow
  2290 | D:3      | Learned a level 3 spell: Ozocubu's Armour
  2335 | D:3      | Found a runed translucent gate.
  2335 | D:3      | Found a runed translucent gate.
  2335 | D:3      | Found a runed translucent gate.
  2338 | D:3      | Noticed kosdos2's ghost (amateur HOFi)
  2339 | D:3      | Noticed a kobold brigand
  2517 | D:4      | Reached skill level 4 in Earth Magic
  2918 | D:4      | Noticed an ogre
  2922 | D:4      | Killed an ogre
  2923 | D:4      | Reached XP level 5. HP: 38/38 MP: 10/13
  3013 | D:4      | Noticed a black bear
  3019 | D:4      | Killed a black bear
  3020 | D:4      | Reached XP level 6. HP: 35/45 MP: 9/15
  3131 | D:4      | Reached skill level 5 in Earth Magic
  3663 | D:5      | Entered Level 5 of the Dungeon
  3764 | D:5      | Reached skill level 5 in Spellcasting
  3764 | D:5      | Reached XP level 7. HP: 50/50 MP: 12/18
  3770 | D:5      | Reached skill level 6 in Earth Magic
  4454 | D:6      | Reached XP level 8. HP: 57/57 MP: 17/20
  4461 | D:6      | Reached skill level 7 in Earth Magic
  4632 | D:6      | Noticed a cyclops
  4953 | D:6      | HP: 2/58 [basilisk (16)]
  4954 | D:6      | Slain by a basilisk

Illustrated notes

Levels and vault maps discovered:
D:1:      dpeg_arrival_water_fire, layout_basic, moated_statue
D:2:      layout_loops_ring, uniq_natasha
D:3:      layout_basic, lemuel_crystal_altar, gammafunk_ghost_nasty_kobolds
D:4:      layout_loops_corners, dreamdust_mushroom_princess
D:5:      layout_basic
D:6:      hangedman_cross_stitches, layout_layer_cave

Skill      XL: |  1  2  3  4  5  6  7  8 |
---------------+-------------------------+-----
Earth Magic    | 3 4 5 6 7 |  7.1
Spellcasting   | 2 3 4 5 6 |  6.4
Stealth        | 3 |  3.0
Dodging        | 2 |  2.1
Fighting       | |  0.7
Transmutations | |  0.8

Action                     |  1- 3 |  4- 6 |  7- 9 || total
---------------------------+-------+-------+-------++-------
  Melee: Dagger            |    16 |    14 |       ||    30
         Unarmed           |     3 |       |       ||     3
         Punch             |       |     1 |       ||     1
   Cast: Sandblast         |    53 |    45 |    69 ||   167
         Stone Arrow       |       |     1 |       ||     1
         Ozocubu's Armour  |       |       |     1 ||     1
  Evoke: Wand              |       |     3 |       ||     3
    Use: Scroll            |     4 |     1 |     2 ||     7
         Potion            |       |       |     1 ||     1
   Stab: Distracted        |       |     1 |       ||     1
 Armour: Robe              |    13 |     4 |     8 ||    25
  Dodge: Dodged            |    46 |    26 |    29 ||   101
